 Dungeon Crawl Stone Soup version 0.26.1-11-gd32895ea62 (webtiles) character file.

Game seed: 11321740873943493167

47 Almogavar the Gusty (level 3, 0/19 HPs)
             Began as a Tengu Air Elementalist on June 10, 2021.
             Fell down a flight of stairs (1 damage)
             ... on level 2 of the Dungeon.
             The game lasted 00:05:39 (2564 turns).

Almogavar the Gusty (Tengu Air Elementalist)        Turns: 2564, Time: 00:05:40

Health: 0/19       AC:  2    Str:  8    XL:     3   Next: 70%
Magic:  7/7        EV: 17    Int: 16    God:
Gold:   54         SH:  0    Dex: 14    Spells: 4/7 levels left

rFire    . . .     SeeInvis .   g - +0 dagger
rCold    . . .     Faith    .   (no shield)
rNeg     . . .     Spirit   .   a - +0 robe
rPois    .         Reflect  .   (helmet restricted)
rElec    .         Harm     .   (no cloak)
rCorr    .         Rampage  .   (no gloves)
Will     .....                  (boots unavailable)
Stlth    +.........             (no amulet)
HPRegen  0.06/turn              j - +4 ring of evasion
MPRegen  0.10/turn              (no ring)

@: confused, lethally poisoned (0 -> -9)
A: beak, talons 3
a: no special abilities


You were on level 2 of the Dungeon.
You visited 1 branch of the dungeon, and saw 2 of its levels.

You collected 54 gold pieces.

Inventory:

Hand Weapons
 g - a +0 dagger (weapon)
Armour
 a - a +0 robe (worn)
 c - a +0 ring mail
Jewellery
 j - a +4 ring of evasion (left hand)
Scrolls
 b - a scroll of teleportation
 h - a scroll of amnesia {unknown}
Potions
 d - a potion of cancellation
 e - 2 potions of heal wounds
 f - a potion of ambrosia {unknown}
 i - 2 potions of haste {unknown}
 k - 2 potions of curing {unknown}
 l - 2 potions of attraction {unknown}
 m - a potion of lignification {unknown}


   Skills:
 + Level 2.3 Dodging
 + Level 2.1 Stealth
 + Level 2.5 Spellcasting
 + Level 2.2 Conjurations
 + Level 5.1 Air Magic


You had 4 spell levels left.
You knew the following spells:

 Your Spells              Type           Power        Failure   Level
a - Shock                 Conj/Air       52%          4%          1
b - Swiftness             Air            18%          3%          2

Your spell library contained the following spells:

 Spells                   Type           Power        Failure   Level
 Static Discharge         Conj/Air       13%          13%         3
 Airstrike                Air            9%           24%         4
 Lightning Bolt           Conj/Air       6%           77%         5


Dungeon Overview and Level Annotations

Branches:
Dungeon (2/15)

Altars:

Annotations:
D:2 Sigmund


Innate Abilities, Weirdness & Mutations

You have a beak for a mouth.
You have claws for feet.


Message History

You climb downwards.
Level annotation: Sigmund Sigmund casts a spell at you.
You are confused.
There is a stone staircase leading up here.
In your confused state, you trip and fall back down the stairs.
Sigmund misses you.
In your confused state, you trip and fall back down the stairs.
Sigmund casts a spell at you.
You are more confused.
Sigmund hits you from afar with a +0 scythe of venom.
You are poisoned.
In your confused state, you trip and fall back down the stairs.
You feel sick.
You feel sick.
Sigmund hits you from afar with a +0 scythe of venom!
Ouch! That really hurt!
* * * LOW HITPOINT WARNING * * *
In your confused state, you trip and fall back down the stairs.
You die...

#...............#
########.#####.#.......#
#.........## #.##...#..#
#†####.....# #..........
#.# ##.###)# #####.#####
#.# #..# #.# #†# #.#
#..###.# ##'##
#.###......# ##...##
#......@..## ##.....##
#####.##.## ##.......##
#(#..@####.........#
#....>...'.........+
#.#...####{........#
#.##.## ##.......## #.
### ##.....## ##...##
##'##


You could see Sigmund.

Vanquished Creatures
  An ooze (D:2)
  2 dart slugs (D:1)
  A leopard gecko (D:1)
  6 bats (D:1)
  A giant cockroach (D:1)
  7 goblins
  4 hobgoblins
  4 jackals (D:2)
  A frilled lizard (D:1)
  4 kobolds
  4 rats
35 creatures vanquished.

Vanquished Creatures (others)
  A fungus (D:1)
1 creature vanquished.

Grand Total: 36 creatures vanquished

Notes
Turn   | Place    | Note
-------+----------+-------------------------------------------
     0 | D:1      | Almogavar the Tengu Air Elementalist began the quest for
                  | the Orb.
     0 | D:1      | Reached XP level 1. HP: 10/10 MP: 4/4
   459 | D:1      | Reached XP level 2. HP: 15/15 MP: 0/6
  1166 | D:1      | Reached XP level 3. HP: 19/19 MP: 5/7
  1565 | D:2      | Reached skill level 5 in Air Magic
  1822 | D:2      | Noticed Sigmund
  2292 | D:1      | Learned a level 2 spell: Swiftness
  2564 | D:2      | Fell down a flight of stairs

Illustrated notes

Levels and vault maps discovered:
D:1:      dpeg_arrival_water_fire, layout_basic, kennysheep_small_spiral
D:2:      layout_loops_corners, tso_oasis_becter, amethyst_killhole,
          uniq_sigmund

Skill      XL: |  1  2  3 |
---------------+----------+-----
Air Magic      | 5 |  5.1
Conjurations   | 2 |  2.2
Dodging        | |  2.3
Stealth        | |  2.1
Spellcasting   | |  2.5

Action                   || total
-------------------------++-------
Melee: Unarmed           ||    14
       Kick              ||     3
       Peck              ||     1
       Dagger            ||     1
 Cast: Shock             ||    72
  Use: Scroll            ||     2
       Potion            ||     1
Armor: Robe              ||     6
Dodge: Dodged            ||    35
